 Dungeon Crawl Stone Soup version 0.31-a0-931-g7b59d4eb97 (webtiles) character file.

Game seed: 12658709921090400448

34 Shayle the Trooper (level 3, -1/37 HPs)
             Began as an Ogre Hexslinger on Oct 19, 2023.
             Slain by a gnoll
             ... wielding a +0 flail
              (4 damage)
             ... on level 2 of the Dungeon.
             The game lasted 00:01:57 (624 turns).

Shayle the Trooper (Ogre Hexslinger)                 Turns: 624, Time: 00:01:58

Health: -1/37      AC:  3    Str: 12    XL:     3   Next: 31%
Magic:  4/4        EV: 10    Int: 16    God:
Gold:   54         SH:  0    Dex: 11    Spells: 4/4 levels left

rFire   . . .        a - +1 sling
rCold   . . .        (no shield)
rNeg    . . .        c - +0 robe
rPois   .            (helmet restricted)
rElec   .            (no cloak)
rCorr   .            (gloves unavailable)
SInv    .            (boots unavailable)
Will    +....        (no amulet)
Stlth   +            d - ring of willpower
HPRegen 0.26/turn    (no ring)
MPRegen 0.09/turn

%: no passive effects
@: no status effects
A: large, unfitting armour, tough skin 1
a: no special abilities


You were on level 2 of the Dungeon.
You visited 1 branch of the dungeon, and saw 2 of its levels.

You collected 54 gold pieces.

Inventory:

Hand Weapons
 a - a +1 sling (weapon)
Armour
 c - a +0 robe (worn)
Jewellery
 d - a ring of willpower (left hand)
Scrolls
 b - 2 scrolls of poison
 e - 2 scrolls of identify {unknown}
 f - a scroll of silence {unknown}
 g - a scroll of amnesia {unknown}


   Skills:
 + Level 3.1 Fighting
 - Level 1.3 Ranged Weapons
 - Level 1.7 Dodging
 + Level 1.6 Unarmed Combat
 - Level 1.2 Spellcasting
 - Level 2.6 Hexes
 - Level 0.8 Fire Magic


You had 4 spell levels left.
You didn't know any spells.
Your spell library contained the following spells:

 Spells                   Type           Power      Damage    Failure   Level
 Jinxbite                 Hex            18%        N/A       12%         2
 Sigil of Binding         Hex            9%         N/A       22%         3
 Inner Flame              Hex/Fire       6%         N/A       32%         3
 Static Discharge         Conj/Air       0%         2-2/arc   34%         2
 Cause Fear               Hex            4%         N/A       58%         4
 Dimensional Bullseye     Hex/Tloc       2%         N/A       78%         4
 Airstrike                Air            0%         2d(0-16)  92%         4
 Summon Lightning Spire   Summ/Air       0%         N/A       92%         4
 Yara's Violent Unravell  Hex/Tmut       2%         3d3       98%         5
 Enfeeble                 Hex            4%         N/A       100%        7


Dungeon Overview and Level Annotations

Branches:
Dungeon (2/15)

Altars:


Innate Abilities, Weirdness & Mutations

You are too large for most types of armour.
You have tough skin. (AC +1)


Message History

Something completely misses the plant.
A gnoll comes into view. It is wielding a +0 halberd.
Something hits the plant.
The plant begins to die.
There is a stone staircase leading up here.
A gnoll is nearby!
There is a stone staircase leading up here.
You shoot a sling bullet.
The sling bullet closely misses the gnoll.
You shoot a sling bullet.
The sling bullet barely misses the gnoll.
You shoot a sling bullet. The sling bullet hits the gnoll.
The gnoll is moderately wounded.
You shoot a sling bullet.
The sling bullet hits the gnoll but does no damage.
The gnoll is moderately wounded.
You shoot a sling bullet.
The sling bullet closely misses the gnoll.
You shoot a sling bullet. The sling bullet hits the gnoll.
The gnoll is severely wounded.
The gnoll hits you with a +0 flail. x2
You shoot a sling bullet.
The sling bullet hits the gnoll but does no damage.
The gnoll is heavily wounded.
The gnoll hits you with a +0 flail!
You shoot a sling bullet.
The sling bullet barely misses the gnoll.
The gnoll hits you with a +0 flail!
* * * LOW HITPOINT WARNING * * *
You are too injured to fight recklessly!
You aren't carrying any potions.
Okay, then.
You shoot a sling bullet. The sling bullet hits the gnoll.
The gnoll is severely wounded.
The gnoll hits you with a +0 flail!
* * * LOW HITPOINT WARNING * * *
The gnoll barely misses you.
You shoot a sling bullet.
The sling bullet closely misses the gnoll.
The gnoll hits you with a +0 flail.
You die...

###
#@#
#g#
#.#
#.#
#.#
#.#
#.#
g
#.#


.Pg ###.#####...PP You could see a gnoll.

Vanquished Creatures
  A bat (D:1)
  An endoplasm (D:1)
  2 giant cockroaches (D:1)
  3 goblins (D:1)
  4 hobgoblins (D:1)
  7 jackals (D:1)
  4 kobolds (D:1)
  A ball python (D:1)
  A frilled lizard (D:1)
  3 rats (D:1)
27 creatures vanquished.

Notes
Turn   | Place    | Note
-------+----------+-------------------------------------------
     0 | D:1      | Shayle the Ogre Hexslinger began the quest for the Orb.
     0 | D:1      | Reached XP level 1. HP: 19/19 MP: 2/2
    35 | D:1      | Found a faded altar of an unknown god.
    91 | D:1      | Reached skill level 2 in Fighting
   115 | D:1      | Reached XP level 2. HP: 28/28 MP: 3/3
   125 | D:1      | Reached skill level 1 in Unarmed Combat
   337 | D:1      | Reached XP level 3. HP: 35/36 MP: 4/4
   346 | D:1      | Reached skill level 3 in Fighting
   624 | D:2      | Slain by a gnoll

Illustrated notes

Levels and vault maps discovered:
D:1:      dpeg_arrival_shelter, layout_rooms, chequers_ecumenical_altar_island
D:2:      layout_basic, basic_altar, minmay_hedge_maze, nicolae_grassy_gnolls,
          uniq_terence

Skill      XL: |  1  2  3 |
---------------+----------+-----
Fighting       | 2 3 |  3.1
Unarmed Combat | 1 |  1.6
Ranged Weapons | |  1.3
Dodging        | |  1.7
Spellcasting   | |  1.2
Hexes          | |  2.6
Fire Magic     | |  0.8

Action                     || total
---------------------------++-------
   Fire: Sling             ||    94
 Armour: Robe              ||    43
  Dodge: Dodged            ||    38

Table legend: (Time is in decaauts)
 A = Elapsed time spent in this place.
 B = Non-inter-level travel time spent in this place.
 C = Inter-level travel time spent in this place.
 D = Time resting spent in this place.
 E = Time spent auto-exploring this place.
 F = Levels seen in this place.
 G = Mean time per level.
                   A        B        C        D        E       F      G
               +--------+--------+--------+--------+--------+-----+--------+
         Total |    654 |    641 |     13 |     61 |    321 |   2 |  327.0 |
       Dungeon |    654 |    641 |     13 |     61 |    321 |   2 |  327.0 |
               +--------+--------+--------+--------+--------+-----+--------+

Top non-repeatable levels by time:
     D:1: 614 daAuts
     D:2: 39 daAuts
